 Dungeon Crawl Stone Soup version 0.30-a0-711-gf4ac18a38d (webtiles) character file.

Game seed: 5249898304327890809

460 jlumianski the Chopper (level 6, -4/48 HPs)
             Began as a Demonspawn Fighter on Jan 22, 2023.
             Slain by an ogre
             ... wielding a +0 giant spiked club
              (32 damage)
             ... on level 4 of the Dungeon.
             The game lasted 00:08:07 (2117 turns).

jlumianski the Chopper (Demonspawn Fighter)         Turns: 2117, Time: 00:08:07

Health: -4/48      AC: 13    Str: 18    XL:     6   Next: 78%
Magic:  6/6        EV: 10    Int: 10    God:
Gold:   261        SH:  4    Dex: 12    Spells: 5/5 levels left

rFire   + . .      SeeInvis .    a - +0 war axe
rCold   . . .      Faith    .    c - +0 buckler
rNeg    . . .      Spirit   .    m - +2 chain mail {rF+}
rPois   .          Reflect  .    n - +0 helmet
rElec   .          Harm     .    i - +0 cloak
rCorr   .          Rampage  .    (no gloves)
Will    .....                    (no boots) Stlth
                                 (no amulet)
HPRegen 0.28/turn                (no ring)
MPRegen 0.20/turn                (no ring)

@: no status effects
A: repulsion field 2, spiny 2, magic regeneration
a: no special abilities


You were on level 4 of the Dungeon.
You visited 1 branch of the dungeon, and saw 5 of its levels.

You collected 261 gold pieces.

Inventory:

Hand Weapons
 a - a +0 war axe (weapon)
 g - a +2 dagger of flaming
 j - a +4 whip
 r - a +0 dagger
 u - a +0 sling
Missiles
 k - 26 stones (quivered)
Armour
 b - a +0 scale mail
 c - a +0 buckler (worn)
 i - a +0 cloak (worn)
 m - a +2 chain mail of fire resistance (worn)
 n - a +0 helmet (worn)
Wands
 o - a wand of paralysis (8)
Scrolls
 e - a scroll of enchant armour {unknown}
 h - a scroll of enchant weapon {unknown}
 l - a scroll of amnesia {unknown}
 p - a scroll of silence {unknown}
 q - a scroll of immolation {unknown}
 s - a scroll of magic mapping {unknown}
 t - a scroll of identify {unknown}
 w - a scroll of noise {unknown}
 x - a scroll of vulnerability {unknown}
Potions
 d - 2 potions of might
 f - a potion of haste
 v - a potion of resistance {unknown}
 z - a potion of degeneration {unknown}


   Skills:
 + Level 4.1 Fighting
 + Level 4.6 Axes
 + Level 3.6 Armour
 + Level 0.5 Dodging
 + Level 1.8 Stealth
 + Level 3.5 Shields


You had 5 spell levels left.
You didn't know any spells.
Your spell library contained the following spells:

 Spells                   Type           Power      Damage    Failure   Level
 Sandblast                Erth           0%         2d4       100%        1
 Passwall                 Tmut/Erth      0%         N/A       100%        2
 Call Canine Familiar     Summ           0%         N/A       100%        3
 Gell's Gravitas          Tloc           0%         N/A       100%        3
 Portal Projectile        Hex/Tloc       0%         N/A       100%        3
 Stone Arrow              Conj/Erth      0%         3d7       100%        3
 Teleport Other           Tloc           0%         N/A       100%        3
 Leda's Liquefaction      Hex/Erth       0%         N/A       100%        4
 Dispersal                Tloc           0%         N/A       100%        6


Dungeon Overview and Level Annotations

Branches:
Dungeon (5/15)
 Temple: D:4-7

Altars:


Innate Abilities, Weirdness & Mutations

You are surrounded by a moderate repulsion field. (EV +3)
You are mostly covered in sharp spines.
You regenerate magic rapidly.


Message History

You miss the adder. The adder is struck by your spines.
The adder bites you but does no damage. The adder barely misses you.
You closely miss the adder.
The adder is severely wounded.
The adder closely misses you. The adder is struck by your spines.
You kill the adder!
Found an escape hatch in the ceiling.
A kobold comes into view. It is wielding a +0 short sword.
The kobold shouts!
The kobold moves out of view.
A kobold is nearby!
You block the kobold's attack.
You barely miss the kobold. The kobold misses you.
You hit the kobold.
The kobold is moderately wounded.
The kobold hits you with a +0 short sword.
The kobold barely misses you.
You slash the kobold!
You kill the kobold!
Things that are here:
a +0 short sword; a kobold corpse HP restored.
z - an inky potion An ogre comes into view.
It is wielding a +0 giant spiked club.
The ogre shouts!
Throw: 27 stones
Press: ? - help, Q - select action, (/) - cycle Shift-Dir - straight line, f - ogre
Aim: an ogre, wielding a +0 giant spiked club (74% to hit)
You throw a stone.
The stone hits the ogre but does no damage.
A phantom comes into view.
You slash the ogre!
The ogre is heavily wounded.
The ogre is struck by your spines.
The ogre hits you with a +0 giant spiked club!!
You barely miss the ogre.
The ogre is almost dead.
The ogre hits you with a +0 giant spiked club!!
Ouch! That really hurt!
You die...

#...#.......#
#..
##..#.......#
##..
#..........#
##...
#.........##
#....
##.......##
#....
#......##
#....
#.....##
#.... #....##
#.... ##@###
#.... #O##
#.... #..#
#....
.........#
##...
.........#
#...
.........#
##.#
..........
#..#
..........#
######..#
...W.......
#........


You could see an ogre.

Vanquished Creatures
  Grinder (D:3)
  A howler monkey (D:4)
  Natasha (D:3)
  An orc wizard (D:2)
  Robin (D:1)
  8 adders
  2 dart slugs
  7 orcs
  4 endoplasms
  3 giant cockroaches
  11 goblins
  12 hobgoblins
  4 jackals (D:2)
  A quokka (D:1)
  4 ball pythons
  7 bats
  2 frilled lizards
  7 kobolds
  3 rats
80 creatures vanquished.

Notes
Turn   | Place    | Note
-------+----------+-------------------------------------------
     0 | D:1      | jlumianski the Demonspawn Fighter began the quest for the
                  | Orb.
     0 | D:1      | Reached XP level 1. HP: 18/18 MP: 1/1
   153 | D:1      | Gained mutation: You are surrounded by a mild repulsion
                  | field. (EV +2) [demonic ancestry]
   153 | D:1      | Reached XP level 2. HP: 24/24 MP: 2/2
  1024 | D:2      | Gained mutation: You are partially covered in sharp spines.
                  | [demonic ancestry]
  1024 | D:2      | Reached XP level 3. HP: 29/29 MP: 3/3
  1167 | D:2      | Gained mutation: You regenerate magic rapidly. [demonic
                  | ancestry]
  1167 | D:2      | Reached XP level 4. HP: 35/35 MP: 4/4
  1224 | D:2      | Noticed Robin
  1312 | D:1      | Killed Robin
  1607 | D:3      | Gained mutation: You are surrounded by a moderate repulsion
                  | field. (EV +3) [demonic ancestry]
  1607 | D:3      | Reached XP level 5. HP: 32/41 MP: 5/5
  1765 | D:5      | Entered Level 5 of the Dungeon
  1853 | D:3      | Noticed Grinder
  1885 | D:3      | Killed Grinder
  1886 | D:3      | Reached skill level 1 in Stealth
  1886 | D:3      | Gained mutation: You are mostly covered in sharp spines.
                  | [demonic ancestry]
  1886 | D:3      | Reached XP level 6. HP: 48/48 MP: 6/6
  1900 | D:3      | Noticed Natasha
  1907 | D:3      | Killed Natasha
  2117 | D:4      | Slain by an ogre

Illustrated notes

Levels and vault maps discovered:
D:1:      lemuel_arrival_river_ford, layout_loops_ring
D:2:      layout_basic, interstate_on_off, uniq_robin
D:3:      layout_basic, serial_shops, nicolae_shop_bloodbath_and_beyond,
          reono_crystal_passage, minmay_starry_boxes, uniq_natasha, uniq_grinder
D:4:      layout_cave_pods, gammafunk_ghost_cemetery, uniq_blork_the_orc,
          uniq_sigmund
D:5:      layout_basic, nicolae_yredelemnul_ghost_church,
          minmay_temple_entry_statues, kennysheep_generic_room_14

Skill      XL: |  1  2  3  4  5  6 |
---------------+-------------------+-----
Axes           | 2 3 4 |  4.6
Armour         | 3 |  3.6
Shields        | 3 |  3.5
Stealth        | 1 |  1.8
Fighting       | 4 |  4.1
Dodging        | |  0.5

Action                     |  1- 3 |  4- 6 || total
---------------------------+-------+-------++-------
  Melee: War axe           |    88 |    84 ||   172
  Throw: Stone             |       |     1 ||     1
  Evoke: Wand              |       |     1 ||     1
   Stab: Paralysed         |       |     6 ||     6
 Armour: Scale mail        |    34 |       ||    34
         Chain mail        |    22 |    62 ||    84
  Dodge: Dodged            |    28 |    33 ||    61
  Block: Buckler           |    23 |    16 ||    39

Table legend: (Time is in decaauts)
 A = Elapsed time spent in this place.
 B = Non-inter-level travel time spent in this place.
 C = Inter-level travel time spent in this place.
 D = Time resting spent in this place.
 E = Time spent auto-exploring this place.
 F = Levels seen in this place.
 G = Mean time per level.
                   A        B        C        D        E       F      G
               +--------+--------+--------+--------+--------+-----+--------+
         Total |   2226 |   2197 |     29 |      0 |   1128 |   5 |  445.2 |
       Dungeon |   2226 |   2197 |     29 |      0 |   1128 |   5 |  445.2 |
               +--------+--------+--------+--------+--------+-----+--------+

Top non-repeatable levels by time:
     D:1: 900 daAuts
     D:2: 700 daAuts
     D:3: 427 daAuts
     D:4: 169 daAuts
     D:5: 28 daAuts
